[ AOE2 MATCH · #495352917 ]
UnrankedMaya vs Armenians
Player's team · WIN
Rival team · LOSS
[ REPLAY ANALYSIS · EXTRACTED FROM THE RECORDED GAME ]
Feudal
12:21
Castle
—
Imperial
—
| APM avg | 71.7 |
| APM peak | 137 |
| eAPM avg | 37.7 |
| Villagers / military | 50 / 24 |
Focus
⚔️ 38.9% · 🌾 61.1%
Archer ×24
Feudal
13:37
Castle
17:10
Imperial
—
| APM avg | 62.3 |
| APM peak | 134 |
| eAPM avg | 19.9 |
| Villagers / military | 34 / 15 |
Focus
⚔️ 39.0% · 🌾 61.0%
Archer ×10 · Militia ×3 · Cavalry Archer ×2
Match map
Initial resources + every placement click. Lines = walls · curves = elevation contours. ◆ gold · ⬟ stone · ● berries · ✦ relic · ◌ wall gap
Your base· Open — opponent sealed themselves in
Gabi's base· ✓ Closed at 17:10 · 76t walls · no gate
Smoothed initial terrain · ◌ = detected wall gap · hover for details
Inputs per minute
— Dobbs351 - - Gabi
Build order — Dobbs351
123 actions detected in the replay
| 0:01 | Create | Villager (Male) |
| 0:01 | Create | Villager (Male) |
| 0:02 | Build | House |
| 0:04 | Research | Loom |
| 0:06 | Build | House |
| 0:22 | Create | Villager (Male) |
| 0:22 | Create | Villager (Male) |
| 0:36 | Create | Villager (Male) |
| 0:36 | Create | Villager (Male) |
| 1:28 | Create | Villager (Male) |
| 1:28 | Create | Villager (Male) |
| 1:52 | Create | Villager (Male) |
| 1:52 | Create | Villager (Male) |
| 1:52 | Create | Villager (Male) |
| 1:54 | Build | Lumber Camp |
| 2:27 | Create | Villager (Male) |
| 2:35 | Create | Villager (Male) |
| 2:35 | Create | Villager (Male) |
| 3:07 | Create | Villager (Male) |
| 3:07 | Create | Villager (Male) |
| 3:47 | Create | Villager (Male) |
| 4:09 | Create | Villager (Male) |
| 4:17 | Build | House |
| 4:38 | Create | Villager (Male) |
| 4:38 | Create | Villager (Male) |
| 5:01 | Create | Villager (Male) |
| 5:15 | Build | House |
| 5:26 | Create | Villager (Male) |
| 5:42 | Build | Palisade Wall |
| 5:44 | Create | Villager (Male) |
| 5:55 | Create | Villager (Male) |
| 6:09 | Build | Palisade Wall |
| 6:18 | Create | Villager (Male) |
| 6:39 | Build | Mill |
| 6:39 | Create | Villager (Male) |
| 6:40 | Build | Palisade Wall |
| 6:50 | Create | Villager (Male) |
| 6:51 | Create | Villager (Male) |
| 6:54 | Build | Palisade Wall |
| 6:57 | Build | Palisade Wall |
| 6:58 | Build | Palisade Wall |
| 6:59 | Create | Villager (Male) |
| 7:02 | Build | Palisade Wall |
| 7:08 | Build | Lumber Camp |
| 7:26 | Create | Villager (Male) |
| 7:30 | Build | Palisade Wall |
| 7:32 | Build | Palisade Wall |
| 7:33 | Build | Palisade Wall |
| 7:33 | Build | Palisade Wall |
| 7:37 | Build | Palisade Wall |
| 7:38 | Create | Villager (Male) |
| 7:50 | Create | Villager (Male) |
| 8:20 | Create | Villager (Male) |
| 8:38 | Build | Palisade Wall |
| 9:14 | Create | Villager (Male) |
| 9:24 | Build | Barracks |
| 9:25 | Create | Villager (Male) |
| 9:27 | Build | House |
| 9:32 | Build | Mining Camp |
| 10:08 | Build | Palisade Wall |
| 10:11 | Research | Feudal Age |
| 11:04 | Build | Palisade Wall |
| 11:05 | Build | Palisade Wall |
| 11:25 | Build | House |
| 12:10 | Create | Villager (Male) |
| 12:21 | Age | Feudal Age |
| 12:26 | Build | Archery Range |
| 12:34 | Build | Archery Range |
| 12:37 | Research | Double-Bit Axe |
| 12:42 | Build | Blacksmith |
| 12:42 | Create | Villager (Male) |
| 13:08 | Create | Villager (Male) |
| 13:15 | Create | Archer |
| 13:15 | Create | Archer |
| 13:27 | Build | House |
| 13:31 | Research | Fletching |
| 13:35 | Create | Villager (Male) |
| 13:36 | Create | Archer |
| 13:36 | Create | Archer |
| 13:50 | Create | Archer |
| 14:16 | Create | Villager (Male) |
| 14:19 | Build | House |
| 14:23 | Build | Archery Range |
| 14:27 | Create | Archer |
| 14:27 | Create | Archer |
| 14:42 | Create | Villager (Male) |
| 14:43 | Research | Gold Mining |
| 14:43 | Research | Gold Mining |
| 14:52 | Build | House |
| 14:57 | Build | House |
| 15:03 | Create | Archer |
| 15:05 | Create | Villager (Male) |
| 15:08 | Create | Villager (Male) |
| 15:15 | Build | Palisade Wall |
| 15:20 | Create | Archer |
| 15:20 | Create | Archer |
| 15:20 | Create | Villager (Male) |
| 15:34 | Create | Villager (Male) |
| 15:38 | Build | Farm |
| 15:40 | Create | Archer ×2 |
| 16:12 | Create | Archer |
| 16:12 | Create | Archer ×2 |
| 16:15 | Build | House |
| 16:18 | Build | Farm |
| 16:19 | Build | Farm |
| 16:36 | Create | Archer ×2 |
| 16:36 | Create | Villager (Male) |
| 16:42 | Build | Farm |
| 16:45 | Build | House |
| 17:14 | Create | Villager (Male) |
| 17:14 | Create | Villager (Male) |
| 18:01 | Create | Archer |
| 18:15 | Create | Archer |
| 18:15 | Create | Archer |
| 18:42 | Create | Archer |
| 18:42 | Create | Archer |
| 18:42 | Create | Villager (Male) |
| 18:47 | Create | Villager (Male) |
| 18:50 | Build | Farm |
| 18:52 | Build | Farm |
| 18:53 | Build | Farm |
| 19:09 | Create | Archer |
| 19:09 | Create | Archer |
Build order — Gabi
95 actions detected in the replay
| 0:01 | Create | Villager (Male) |
| 0:01 | Create | Villager (Male) |
| 0:02 | Create | Villager (Male) |
| 0:02 | Build | House |
| 0:04 | Build | House |
| 0:29 | Create | Villager (Male) |
| 1:29 | Create | Villager (Male) |
| 2:02 | Create | Villager (Male) |
| 2:26 | Create | Villager (Male) |
| 2:35 | Build | Barracks |
| 2:49 | Create | Villager (Male) |
| 3:15 | Create | Villager (Male) |
| 3:33 | Build | House |
| 3:41 | Research | Loom |
| 3:43 | Create | Militia |
| 4:03 | Create | Militia |
| 4:17 | Create | Villager (Male) |
| 4:31 | Create | Militia |
| 4:44 | Create | Villager (Male) |
| 4:45 | Build | House |
| 5:04 | Create | Villager (Male) |
| 5:13 | Build | Mule Cart |
| 5:35 | Create | Villager (Male) |
| 5:51 | Create | Villager (Male) |
| 6:21 | Create | Villager (Male) |
| 6:52 | Create | Villager (Male) |
| 7:02 | Create | Villager (Male) |
| 7:04 | Build | House |
| 7:08 | Build | Palisade Wall |
| 7:13 | Create | Villager (Male) |
| 7:17 | Build | Palisade Wall |
| 7:27 | Create | Villager (Male) |
| 8:18 | Create | Villager (Male) |
| 8:32 | Create | Villager (Male) |
| 8:34 | Build | Mill |
| 8:47 | Create | Villager (Male) |
| 8:52 | Build | Palisade Wall |
| 8:58 | Build | Palisade Wall |
| 9:00 | Build | Palisade Wall |
| 9:12 | Create | Villager (Male) |
| 9:19 | Build | House |
| 9:25 | Build | Farm |
| 9:42 | Create | Villager (Male) |
| 10:12 | Create | Villager (Male) |
| 10:18 | Build | Palisade Wall |
| 10:46 | Build | Farm |
| 10:53 | Build | Palisade Wall |
| 11:01 | Create | Villager (Male) |
| 11:12 | Build | Mule Cart |
| 11:15 | Build | Mule Cart |
| 11:17 | Research | Feudal Age |
| 11:20 | Build | Palisade Wall |
| 11:53 | Build | Mule Cart |
| 12:05 | Build | House |
| 12:06 | Build | Palisade Wall |
| 13:33 | Create | Villager (Male) |
| 13:37 | Age | Feudal Age |
| 13:42 | Build | Archery Range |
| 13:44 | Build | Blacksmith |
| 14:02 | Create | Villager (Male) |
| 14:07 | Build | House |
| 14:30 | Research | Castle Age |
| 14:49 | Create | Archer |
| 14:50 | Build | Archery Range |
| 14:57 | Research | Double-Bit Axe |
| 15:25 | Create | Archer |
| 15:33 | Research | Horse Collar |
| 15:38 | Build | Farm |
| 15:40 | Build | Farm |
| 15:43 | Create | Archer |
| 15:50 | Build | House |
| 16:01 | Create | Archer |
| 16:11 | Create | Archer |
| 16:25 | Research | Fletching |
| 16:25 | Research | Fletching |
| 16:34 | Create | Archer |
| 16:55 | Build | House |
| 17:04 | Build | Farm |
| 17:05 | Build | Farm |
| 17:07 | Create | Archer |
| 17:09 | Create | Villager (Male) |
| 17:10 | Age | Castle Age |
| 17:17 | Create | Villager (Male) |
| 17:18 | Build | Town Center |
| 17:29 | Research | Bodkin Arrow |
| 17:32 | Build | Palisade Wall |
| 17:50 | Create | Archer |
| 17:53 | Create | Villager (Male) |
| 18:08 | Create | Villager (Male) |
| 18:15 | Create | Archer |
| 18:24 | Create | Archer |
| 18:32 | Create | Villager (Male) |
| 18:54 | Create | Cavalry Archer |
| 18:54 | Create | Cavalry Archer |
| 18:56 | Create | Villager (Male) |
Match timeline
| 2:35 | Gabi · first_building Barracks |
| 5:42 | Dobbs351 · wall_segment Palisade Wall x3 |
| 6:09 | Dobbs351 · wall_segment Palisade Wall x1 |
| 6:40 | Dobbs351 · wall_segment Palisade Wall x5 |
| 6:54 | Dobbs351 · wall_segment Palisade Wall x1 |
| 6:57 | Dobbs351 · wall_segment Palisade Wall x1 |
| 6:58 | Dobbs351 · wall_segment Palisade Wall x1 |
| 7:02 | Dobbs351 · wall_segment Palisade Wall x1 |
| 7:08 | Gabi · wall_segment Palisade Wall x12 |
| 7:17 | Gabi · wall_segment Palisade Wall x4 |
| 7:30 | Dobbs351 · wall_segment Palisade Wall x1 |
| 7:32 | Dobbs351 · wall_segment Palisade Wall x1 |
| 7:33 | Dobbs351 · wall_segment Palisade Wall x1 |
| 7:33 | Dobbs351 · wall_segment Palisade Wall x1 |
| 7:37 | Dobbs351 · wall_segment Palisade Wall x9 |
| 8:38 | Dobbs351 · wall_segment Palisade Wall x10 |
| 8:52 | Gabi · wall_segment Palisade Wall x16 |
| 8:58 | Gabi · wall_segment Palisade Wall x3 |
| 9:00 | Gabi · wall_segment Palisade Wall x3 |
| 9:24 | Dobbs351 · first_building Barracks |
| 10:08 | Dobbs351 · wall_segment Palisade Wall x11 |
| 10:18 | Gabi · wall_segment Palisade Wall x24 |
| 10:53 | Gabi · wall_segment Palisade Wall x6 |
| 11:04 | Dobbs351 · wall_segment Palisade Wall x1 |
| 11:05 | Dobbs351 · wall_segment Palisade Wall x1 |
| 11:20 | Gabi · wall_segment Palisade Wall x9 |
| 12:06 | Gabi · wall_segment Palisade Wall x1 |
| 12:21 | Dobbs351 · age_up feudal |
| 12:26 | Dobbs351 · first_building Archery Range |
| 13:37 | Gabi · age_up feudal |
| 13:42 | Gabi · first_building Archery Range |
| 15:15 | Dobbs351 · wall_segment Palisade Wall x1 |
| 17:10 | Gabi · age_up castle |
| 17:32 | Gabi · wall_segment Palisade Wall x1 |
| 19:09 | Gabi · resign |
[ AI ANALYSIS · 1 CREDIT ]
What really happened in this match?
Wolo.gg analyzes every decision: build order, eco, micro, common mistakes by bracket. Personalized analysis on WhatsApp or Discord in 30 seconds.
Civ guide
Maya
Perfil
Jugador #246423